AoeStats
← Luid2026

Arabia

510374931Analyzed
1v1 RM · 14h ago on Sep 30, 2026· 40m 5s· 2 players
Game mode
Random Map
Map size
Tiny (2 player)
Population
200
Speed
Normal
Resources
Standard
Victory
Conquest
Starting age
Dark Age
Ending age
Imperial Age
RankedLock teamsTeams togetherTeam positionsShared explorationLock speedFull tech treeHidden civsTurbo modeCheats
Victory
Defeat
🇩🇪 Vietnamese · Germany
659
+17
🇪🇨 Ethiopians · Ecuador
677
-17
anarchistoctopus
10:58 Feudal Age
18:35 Fletching
18:40 Horse Collar
24:53 Castle Age
26:36 Wheelbarrow
25:42 Crossbowman
26:28 Thumb Ring
27:17 Squires
28:10 Double-Bit Axe
29:09 Padded Archer Armor
29:05 Bodkin Arrow
29:11 Scale Mail Armor
30:22 Gold Mining
30:18 Pikeman
31:42 Leather Archer Armor
32:29 Chain Mail Armor
37:46 Ballistics
42:44 Imperial Age
Luid2026
8:03 Loom
11:29 Feudal Age
12:23 Double-Bit Axe
14:49 Gold Mining
14:42 Horse Collar
14:54 Arson
17:14 Padded Archer Armor
18:38 Fletching
19:44 Scale Mail Armor
27:52 Castle Age
26:59 Stone Mining
27:07 Man-at-Arms
28:08 Crossbowman
29:03 Elite Skirmisher
29:47 Squires
29:08 Long Swordsman
30:51 Gold Shaft Mining
31:21 Heavy Plow
Connection lost

Rejoining the realm…

Still unreachable

The connection could not be restored.

Session expired

The server has moved on; the page needs a fresh start.